 Dungeon Crawl Stone Soup version 0.30.0-30-g96aa6591b8 (webtiles) character file.

Game seed: 1488222076116040403

28 ChadusMaximus the Shield-Bearer (level 3, -3/33 HPs)
             Began as a Minotaur Fighter on June 28, 2023.
             Slain by Sigmund
             ... wielding a +0 scythe
              (7 damage)
             ... on level 2 of the Dungeon.
             The game lasted 00:00:26 (554 turns).

ChadusMaximus the Shield-Bearer (Minotaur Fighter)   Turns: 554, Time: 00:00:26

Health: -3/33      AC:  7    Str: 22    XL:     3   Next: 0%
Magic:  2/2        EV:  9    Int:  5    God:
Gold:   51         SH:  4    Dex:  9    Spells: 2/2 levels left

rFire   . . .        a - +0 war axe
rCold   . . .        c - +0 buckler
rNeg    . . .        b - +0 scale mail
rPois   .            (helmet restricted)
rElec   .            (no cloak)
rCorr   .            (no gloves)
SInv    .            (no boots)
Will    .....        (no amulet) Stlth
                     (no ring)
HPRegen 0.25/turn    (no ring)
MPRegen 0.08/turn

%: no passive effects
@: no status effects
A: horns 2, retaliatory headbutt
a: no special abilities


You were on level 2 of the Dungeon.
You visited 1 branch of the dungeon, and saw 2 of its levels.

You collected 51 gold pieces.

Inventory:

Hand Weapons
 a - a +0 war axe (weapon)
Armour
 b - a +0 scale mail (worn)
 c - a +0 buckler (worn)
Scrolls
 e - a scroll of teleportation {unknown}
 h - a scroll of identify {unknown}
 i - a scroll of vulnerability {unknown}
Potions
 d - a potion of might
 f - a potion of berserk rage {unknown}
 g - a potion of cancellation {unknown}


   Skills:
 + Level 4.0 Fighting
 * Level 3.2 Axes
 + Level 4.0 Armour
 + Level 4.0 Shields


You had 2 spell levels left.
You didn't know any spells.
Your spell library was empty.

Dungeon Overview and Level Annotations

Branches:
Dungeon (2/15)

Altars:

Annotations:
D:2 Sigmund


Innate Abilities, Weirdness & Mutations

You have a pair of horns on your head.
You reflexively headbutt those who attack you in melee.


Message History

You are frozen.
The rat bites you but does no damage. Something hits you but does no damage.
Unknown command.
You barely miss the worm. You headbutt the worm.
The worm is almost dead.
You hit the endoplasm. You hit the rat.
You kill the rat!
The endoplasm completely misses you. The worm barely misses you.
Something hits you but does no damage.
You slash the worm!
You kill the worm!
You barely miss the endoplasm. The endoplasm hits you.
Your Shields skill increases to level 4!
Unknown command.
You hit the endoplasm.
The endoplasm is almost dead.
You block the endoplasm's attack. Something hits you but does no damage.
The endoplasm hits you but does no damage.
Unknown command.
You slash the endoplasm!
You kill the endoplasm!
You hear some strange, mumbled words.
A puff of flame appears from out of thin air!
The puff of flame hits you!
You hear some strange, mumbled words.
Something tries to affect you, but you resist.
Your Fighting skill increases to level 4!
Your Armour skill increases to level 4!
You have reached level 3!
Your experience leads to an increase in your attributes!
Increase (S)trength, (I)ntelligence, or (D)exterity?
You feel stronger. x2
Found 11 gold pieces.
Something hits you but does no damage.
You slash something! Something hits you.
* * * LOW HITPOINT WARNING * * *
You miss something. You block something's attack.
You closely miss something. Your headbutt misses something. Something hits you.
* * * LOW HITPOINT WARNING * * *
You barely miss something. Something hits you!
You die...

###.##.#
#.....########
#.............
#####...##########
#.......#
#.####..#
#..##########
.####..#.........
#.........@[#
#########.{.......
#.........
#.........
#.........
#.........
#.........
#.......$.


There were no monsters in sight!

Vanquished Creatures
  A worm (D:2)
  4 endoplasms
  2 goblins (D:1)
  3 hobgoblins (D:1)
  5 jackals (D:1)
  2 quokkas (D:1)
  2 kobolds (D:1)
  A rat (D:2)
20 creatures vanquished.

Notes
Turn   | Place    | Note
-------+----------+-------------------------------------------
     0 | D:1      | ChadusMaximus the Minotaur Fighter began the quest for the
                  | Orb.
     0 | D:1      | Reached XP level 1. HP: 19/19 MP: 0/0
   148 | D:1      | Reached XP level 2. HP: 27/27 MP: 1/1
   539 | D:2      | Noticed Sigmund
   549 | D:2      | Reached XP level 3. HP: 11/33 MP: 2/2
   554 | D:2      | Slain by Sigmund

Illustrated notes

Levels and vault maps discovered:
D:1:      scummos_arrival_checkerplants, layout_rooms
D:2:      layout_basic, minmay_tall_x, uniq_crazy_yiuf_cottage, uniq_sigmund

Skill      XL: |  1  2 |
---------------+-------+-----
Axes           | 3 |  3.2
Shields        | 4 |  4.0
Fighting       | 4 |  4.0
Armour         | 4 |  4.0

Action                     || total
---------------------------++-------
  Melee: War axe           ||    50
         Headbutt          ||     5
 Armour: Scale mail        ||    32
  Dodge: Dodged            ||    20
  Block: Buckler           ||    16
